 Dungeon Crawl Stone Soup version 0.28-a0-803-g74956062c1 (webtiles) character file.

Game seed: 9675994547154221258

235 Decritt the Conjurer (level 5, 0/48 HPs)
             Began as a Deep Elf Conjurer on Nov 7, 2021.
             Killed from afar by Crazy Yiuf (4 damage)
             ... with a puff of flame
             ... on level 2 of the Dungeon.
             The game lasted 00:11:21 (2904 turns).

Decritt the Conjurer (Deep Elf Conjurer)            Turns: 2904, Time: 00:11:21

Health: 0/48       AC: 22    Str:  5    XL:     5   Next: 76%
Magic:  6/12       EV:  2    Int: 23    God:
Gold:   152        SH:  0    Dex: 13    Spells: 8/11 levels left

rFire   . . .      SeeInvis .   g - +0 mace
rCold   . . .      Faith    .   (no shield)
rNeg    . . .      Spirit   .   (armour currently unavailable)
rPois   +          Reflect  .   (helmet currently unavailable)
rElec   .          Harm     .   (cloak currently unavailable)
rCorr   .          Rampage  .   (gloves currently unavailable)
Will    .....      NoTele   +   (boots currently unavailable)
Stlth   ++........              (no amulet)
HPRegen 0.16/turn               b - ring of wizardry
MPRegen 0.13/turn               (no ring)

@: lethally poisoned (0 -> -5), tree-form
A: stationary, stasis, torment immunity, boosted hp
a: no special abilities


You were on level 2 of the Dungeon.
You were a tree.
You visited 1 branch of the dungeon, and saw 2 of its levels.

You collected 152 gold pieces.

Inventory:

Hand Weapons
 g - a +0 mace (weapon)
Missiles
 e - 29 stones
Armour
 a - a +0 robe (melded)
Jewellery
 b - a ring of wizardry (left branch)
Scrolls
 c - a scroll of torment
 h - a scroll of amnesia {unknown}
Potions
 i - a potion of haste {unknown}


   Skills:
 + Level 3.3 Fighting
 + Level 4.1 Dodging
 - Level 2.4 Stealth
 * Level 3.5 Spellcasting
 - Level 5.0 Conjurations


You had 8 spell levels left.
You knew the following spells:

 Your Spells              Type           Power      Damage    Failure   Level
a - Magic Dart            Conj           100%       1d8       1%          1
b - Searing Ray           Conj           54%        2d6       1%          2

Your spell library contained the following spells:

 Spells                   Type           Power      Damage    Failure   Level
 Dazzling Flash           Conj/Hex       30%        N/A       4%          3
 Fulminant Prism          Conj/Hex       7%         3d7       16%         4
 Iskenderun's Mystic Bla  Conj/Tloc      15%        2d5       16%         4


Dungeon Overview and Level Annotations

Branches:
Dungeon (2/15)

Altars:

Shops:
D:2 (

Annotations:
D:2 Crazy Yiuf


Message History

Crazy Yiuf is lightly wounded. (Press . to maintain the ray.) Crazy Yiuf laughs, "You canine blue!"
Casting: Searing Ray (safe; 1% risk of failure)
Confirm with . or Enter, or press ? or * to list all spells.
Restarting spell: Searing Ray (safe; 1% risk of failure)
Press: ? - help, Shift-Dir - straight line, f/p - Crazy Yiuf
Aim: Crazy Yiuf, wielding a +4 quarterstaff of chaos, wearing a +0 cloak and carrying a wand of flame (9) (lightly wounded, 82% to hit)
The searing ray hits Crazy Yiuf.
Crazy Yiuf is lightly wounded. (Press . to maintain the ray.) Crazy Yiuf yells, "Papa!
Key disdain rumpyflump."
Casting: Searing Ray (safe; 1% risk of failure)
Confirm with . or Enter, or press ? or * to list all spells.
Restarting spell: Searing Ray (safe; 1% risk of failure)
Press: ? - help, Shift-Dir - straight line, f/p - Crazy Yiuf
Aim: Crazy Yiuf, wielding a +4 quarterstaff of chaos, wearing a +0 cloak and carrying a wand of flame (9) (lightly wounded, 82% to hit)
The searing ray hits Crazy Yiuf but does no damage.
Crazy Yiuf is lightly wounded. (Press . to maintain the ray.) Crazy Yiuf cries, "Spliff sallow down!"
Crazy Yiuf hits you with a +4 quarterstaff of chaos!
You are poisoned.
As you read the scroll of teleportation, it crumbles to dust.
You feel strangely unstable.
You feel very sick. Crazy Yiuf completely misses you.
You feel very sick.
Crazy Yiuf screams, "Shadow!
Shadow koolooloo testudinal."
Crazy Yiuf zaps a wand.
The puff of flame hits you!
* * * LOW HITPOINT WARNING * * *
* * * LOW HITPOINT WARNING * * *
You feel sick.
Crazy Yiuf grits, "Seed tea disdain!"
It was a potion of lignification.
You turn into a tree.
Your +0 robe melds into your body.
Your roots penetrate the ground.
You feel strangely stable.
* * * LOW HITPOINT WARNING * * *
You feel sick.
Crazy Yiuf zaps a wand.
The puff of flame hits you.
You die...

##...##...##
##..#....).)#
##..#####))))#
#..## #))))#
##### #.##
#.)..#
##...### ##.#
#.))##
##..#...###
##..# ##.##
#..####...#
#####..#####
#.## ####
###.#
......♣....#
##♣# #.#
#####..###.#
#.## #.# .#
#♣∩♣##.# ##g#
#.# .# #..##.#
#'# #.# .#
#♣.##.## ...
#.# ## #.##..#
#...# #.# #
#.##### #..)#
#.# #.# #####
#.# #.# #.#


You could see Crazy Yiuf.

Vanquished Creatures
  Sigmund (D:2)
  2 adders (D:2)
  A worm (D:2)
  2 dart slugs
  7 endoplasms
  2 giant cockroaches (D:1)
  4 goblins
  4 hobgoblins
  7 jackals (D:1)
  7 quokkas
  4 ball pythons
  5 bats
  2 frilled lizards
  2 kobolds
  8 rats
58 creatures vanquished.

Vanquished Creatures (others)
  3 fungi (D:2)
3 creatures vanquished.

Grand Total: 61 creatures vanquished

Notes
Turn   | Place    | Note
-------+----------+-------------------------------------------
     0 | D:1      | Decritt the Deep Elf Conjurer began the quest for the Orb.
     0 | D:1      | Reached XP level 1. HP: 10/10 MP: 6/6
   342 | D:1      | Reached XP level 2. HP: 16/16 MP: 4/8
   418 | D:1      | Reached skill level 5 in Conjurations
   709 | D:1      | Reached skill level 1 in Fighting
   981 | D:1      | Reached XP level 3. HP: 20/20 MP: 5/9
  1629 | D:2      | Noticed Sigmund
  1643 | D:2      | Killed Sigmund
  1644 | D:2      | Reached XP level 4. HP: 9/28 MP: 2/10
  1644 | D:2      | Reached XP level 5. HP: 10/32 MP: 2/11
  1647 | D:2      | Learned a level 2 spell: Searing Ray
  2170 | D:2      | Found Pemag's Antique Weapon Shop.
  2893 | D:2      | Found a runed translucent door.
  2894 | D:2      | Noticed Crazy Yiuf
  2904 | D:2      | Killed from afar by Crazy Yiuf

Illustrated notes

Levels and vault maps discovered:
D:1:      arrival_zaba_pyramid, layout_basic, corexii_hall_statues_i
D:2:      kennysheep_six_static_rooms, layout_loops_ring, serial_shops,
          nicolae_shop_trees, uniq_crazy_yiuf_cottage, uniq_sigmund

Skill      XL: |  1  2  3 |
---------------+----------+-----
Conjurations   | 5 |  5.0
Fighting       | 1 3 |  3.3
Dodging        | 4 |  4.1
Stealth        | |  2.4
Spellcasting   | |  3.5

Action                   |  1- 3 |  4- 6 || total
-------------------------+-------+-------++-------
Melee: Dagger            |    19 |       ||    19
       Club              |     7 |       ||     7
 Cast: Magic Dart        |    70 |    35 ||   105
       Searing Ray       |       |     5 ||     5
  Use: Scroll            |     2 |     2 ||     4
       Potion            |       |     1 ||     1
Armor: Robe              |     6 |     1 ||     7
Dodge: Dodged            |    36 |     1 ||    37

Table legend: (Time is in decaauts)
 A = Elapsed time spent in this place.
 B = Non-inter-level travel time spent in this place.
 C = Inter-level travel time spent in this place.
 D = Time resting spent in this place.
 E = Time spent auto-exploring this place.
 F = Levels seen in this place.
 G = Mean time per level.
                   A        B        C        D        E       F      G
               +--------+--------+--------+--------+--------+-----+--------+
         Total |   2903 |   2876 |     27 |    572 |   1933 |   2 | 1451.5 |
       Dungeon |   2903 |   2876 |     27 |    572 |   1933 |   2 | 1451.5 |
               +--------+--------+--------+--------+--------+-----+--------+

Top non-repeatable levels by time:
     D:2: 1526 daAuts
     D:1: 1377 daAuts
